 Dungeon Crawl Stone Soup version 0.26.0-10-g1f06aea511 (webtiles) character file.

Game seed: 13797426297365600099

10999 MajorAdolf the Cleaver (level 11, 0/102 HPs)
             Began as a Naga Wanderer on Jan 16, 2021.
             Was a Follower of Ashenzari.
             Slain by a swamp worm (15 damage)
             ... on level 2 of the Lair of Beasts.
             The game lasted 00:31:07 (20620 turns).

MajorAdolf the Cleaver (Naga Wanderer)             Turns: 20620, Time: 00:31:08

Health: 0/102      AC:  9    Str: 14    XL:     11   Next: 70%
Magic:  2/17       EV:  9    Int: 16    God:    Ashenzari [*.....]
Gold:   530        SH:  0    Dex: 11    Spells: 13/18 levels left

rFire    . . .     SeeInvis +   h - +1 hand axe
rCold    . . .     Faith    .   (no shield)
rNeg     . . .     Spirit   .   C - +0 steam dragon scales (curse)
rPois    +         Reflect  .   w - +0 helmet
rElec    .         Harm     .   I - +0 cloak
rCorr    .         Rampage  .   i - +0 pair of gloves
Will     ++...                  (no barding)
Stlth    +++++.....             (no amulet)
HPRegen  0.27/turn              s - +4 ring of slaying
MPRegen  0.15/turn              x - ring of willpower

@: very slow
A: large, see invisible, deformed body, poison resistance, slowness 2, spit
poison 1, AC +3
a: Spit Poison, Renounce Religion, Curse Item, Scrying


You were on level 2 of the Lair of Beasts.
You worshipped Ashenzari.
Ashenzari was aware of your devotion.
You visited 3 branches of the dungeon, and saw 15 of its levels.

You collected 840 gold pieces.
You spent 310 gold pieces at shops.

Inventory:

Hand Weapons
 a - a +0 club
 h - a +1 hand axe (weapon)
 l - a +0 war axe
 n - a +4 mace
Missiles
 e - 301 stones
Armour
 i - a +0 pair of gloves (worn)
 q - a +0 scale mail of cold resistance
 w - a +0 helmet (worn)
 C - cursed +0 steam dragon scales (worn)
 F - a +3 scale mail
 I - a +0 cloak (worn)
 N - a +0 troll leather armour
Jewellery
 s - a +4 ring of slaying (left hand)
 v - an uncursed ring of ice
 x - a ring of willpower (right hand)
 A - a +6 ring of strength
 E - an uncursed ring of flight
 M - a cursed amulet of faith
Wands
 k - a wand of polymorph (7)
 t - a wand of enslavement (7)
 y - a wand of random effects (17)
 G - a wand of iceblast (1)
 L - a wand of paralysis (17)
 S - a wand of digging (4)
Scrolls
 c - a scroll of vulnerability {unknown}
 f - 2 scrolls of amnesia
 o - 2 scrolls of magic mapping
 u - 5 scrolls of identify
 K - 2 scrolls of fear {unknown}
 O - a scroll of enchant weapon
 Q - a scroll of enchant armour {unknown}
 R - 3 scrolls of remove curse
Potions
 b - a potion of haste {unknown}
 d - 2 potions of degeneration {unknown}
 g - 3 potions of curing
 j - a potion of ambrosia {unknown}
 m - a potion of resistance {unknown}
 p - 3 potions of flight {unknown}
 r - a potion of attraction {unknown}
 z - 3 potions of mutation {unknown}
 B - a potion of cancellation {unknown}
 D - a potion of brilliance {unknown}
 H - a potion of heal wounds {unknown}
 P - a potion of invisibility {unknown}
Miscellaneous
 J - a lightning rod (1/4)


   Skills:
 - Level 7.7 Fighting
 - Level 1.0 Long Blades
 * Level 11.9 Axes
 - Level 1.0 Dodging
 - Level 11.3 Stealth
 - Level 1.0 Shields
 + Level 4.1 Spellcasting
 * Level 6.1 Hexes
 - Level 2.0 Translocations
 - Level 2.0 Transmutations
 + Level 2.3 Air Magic
 + Level 3.2 Poison Magic


You had 13 spell levels left.
You knew the following spells:

 Your Spells              Type           Power        Failure   Level
a - Confusing Touch       Hex            22%          4%          3
b - Poisonous Vapours     Pois/Air       24%          9%          2

Your spell library contained the following spells:

 Spells                   Type           Power        Failure   Level
 Sting                    Tmut/Pois      44%          6%          1
 Sandblast                Erth           6%           17%         1
 Passwall                 Tmut/Erth      5%           17%         2
 Gell's Gravitas          Tloc           4%           22%         3
 Olgreb's Toxic Radiance  Pois           13%          41%         4
 Stone Arrow              Conj/Erth      6%           45%         3
 Yara's Violent Unravell  Hex/Tmut       8%           65%         5
 Petrify                  Tmut/Erth      6%           73%         4
 Metabolic Englaciation   Hex/Ice        6%           78%         5
 Lee's Rapid Deconstruct  Erth           1%           99%         5
 Eringya's Noxious Bog    Tmut/Pois      5%           100%        6


Dungeon Overview and Level Annotations

Branches:
Dungeon (12/15)            Temple (1/1) D:7            Lair (2/6) D:11
  Swamp: Lair:2-4    Shoals: Lair:2-4     Snake: Lair:2-4    Spider: Lair:2-4
    Orc: D:9-12

Altars:
Ashenzari
Cheibriados
Dithmenos
Elyvilon
Fedhas
Gozag
Hepliaklqana
Kikubaaqudgha
Makhleb
Nemelex Xobeh
Okawaru
Qazlal
Ru
Sif Muna
Trog
Uskayaw
Vehumet
Xom
Yredelemnul
Zin
The Shining One

Shops:
D:4 !   D:9 :   D:10 =

Annotations:
D:8 exclusion: downstairs
D:12 exclusion: hydra
Lair:2 1 runed translucent door


Innate Abilities, Weirdness & Mutations

You cannot wear boots.
Your serpentine skin is tough. (AC +3)
You have supernaturally acute eyesight. (SInv)
Armour fits poorly on your strangely shaped body.
Your system is resistant to poisons. (rPois)
You cover ground very slowly.
You can spit poison.


Message History

The swamp worm looks even sicker.
The swamp worm bites you but does no damage.
Casting: Poisonous Vapours (safe; 9% risk of failure)
Confirm with . or Enter, or press ? or * to list all spells.
Aiming: Poisonous Vapours (safe; 9% risk of failure)
Press: ? - help, Dir - move target, f/p - swamp worm
Aim: a swamp worm (moderately wounded, very poisoned) Poisonous vapours surround the swamp worm!
The swamp worm looks even sicker.
The swamp worm bites you!
* * * LOW HITPOINT WARNING * * *
Unknown command.
You slash the swamp worm!
The swamp worm is severely wounded.
The swamp worm bites you!
* * * LOW HITPOINT WARNING * * *
Unknown command.
You feel better. The swamp worm bites you!
* * * LOW HITPOINT WARNING * * *
You feel better. The swamp worm bites you!
You die...

#. ... #. ... #... ##.
P.. ... ## #P.# ##.. #.P
.. #.#####..# ####..# .##
#..#..#..# .......
.##.###.P.#....#
.......##...............#
.......#@##.P##.#.####P..
##w## ##...###≈....
##...# #.#.#≈≈≈≈≈##.
##....####≈..≈≈≈≈≈≈≈##
.#.....†.#..≈≈≈≈###≈≈≈≈
#..(.......≈≈≈### ###≈≈
##........P≈≈s# ##≈
##....####≈≈P≈≈≈≈ #≈
##...P #≈≈P#w≈≈ ##≈


You could see a swamp worm (very poisoned).

Vanquished Creatures
  3 two-headed ogres
  Nergalle (D:10)
  2 centaur skeletons (D:5)
  A rime drake (Lair:1)
  Maggie (D:7)
  2 komodo dragons
  2 trolls (D:11)
  3 blink frogs (Lair:1)
  A wraith (D:9)
  2 wyverns
  A basilisk (Lair:1)
  A steam dragon (D:10)
  A soldier ant (D:10)
  A water moccasin (Lair:1)
  A black bear (D:10)
  3 sky beasts
  3 ice beasts
  5 ogres
  3 orc warriors
  10 centaurs
  A necrophage (D:8)
  2 wolves (D:11)
  3 bullfrogs
  A gnoll sergeant (D:8)
  2 scorpions (D:4)
  A wyvern skeleton (D:10)
  20 killer bees
  5 wights (D:7)
  2 electric eels (D:11)
  2 centaur zombies
  A quasit (D:8)
  2 jellies
  9 hounds
  4 orc priests
  A bullfrog skeleton (D:7)
  3 iguanas
  5 orc wizards
  4 hell rats (Lair:1)
  5 worker ants
  A hound zombie (D:6)
  2 hound skeletons
  3 worker ant zombies
  8 adders
  4 gnolls (D:8)
  2 shadow imps
  3 white imps
  2 ufetubi (D:6)
  2 adder skeletons
  10 dart slugs (D:3)
  A leopard gecko (D:1)
  33 orcs
  A ball python (D:8)
  A giant cockroach (D:4)
  4 goblins
  8 hobgoblins
  11 jackals
  8 kobolds
  4 quokkas
  5 bats
  3 frilled lizards (D:2)
  2 jackal skeletons
  A quokka zombie (D:6)
  6 rats
245 creatures vanquished.

Vanquished Creatures (others)
  2 fungi (Lair:2)
  32 plants
34 creatures vanquished.

Grand Total: 279 creatures vanquished

Notes
Turn   | Place    | Note
-------+----------+-------------------------------------------
     0 | D:1      | MajorAdolf the Naga Wanderer began the quest for the Orb.
     0 | D:1      | MajorAdolf set off with the following items: a +0 club, a
                  | scroll of teleportation, a potion of lignification, a +0
                  | robe; and the following spell memorised: Sandblast; and the
                  | following spells available to memorise: Passwall, Stone
                  | Arrow, Petrify, Lee's Rapid Deconstruction
     0 | D:1      | Reached XP level 1. HP: 18/18 MP: 2/2
   660 | D:1      | Reached XP level 2. HP: 16/26 MP: 3/3
  1450 | D:2      | Found a bloodstained altar of Trog.
  1794 | D:2      | Found an ancient bone altar of Kikubaaqudgha.
  1806 | D:2      | Reached skill level 1 in Axes
  1806 | D:2      | Reached XP level 3. HP: 33/33 MP: 4/4
  2887 | D:3      | Reached XP level 4. HP: 20/40 MP: 5/5
  3934 | D:3      | Reached XP level 5. HP: 48/48 MP: 6/6
  4401 | D:4      | Found a sparkling altar of Nemelex Xobeh.
  4407 | D:4      | Found Egar Had's Distillery.
  4529 | D:4      | Reached XP level 6. HP: 29/56 MP: 7/7
  5073 | D:4      | Reached skill level 5 in Stealth
  5427 | D:4      | Reached XP level 7. HP: 51/63 MP: 8/8
  5917 | D:4      | HP: 2/96 [ogre/+0 giant club (12)]
  6390 | D:4      | Bought a potion of lignification for 30 gold pieces
  6434 | D:5      | Entered Level 5 of the Dungeon
  6537 | D:5      | Reached skill level 5 in Axes
  6537 | D:5      | Reached XP level 8. HP: 45/73 MP: 9/9
  7159 | D:5      | Reached skill level 5 in Fighting
  7288 | D:5      | Found a sacrificial altar of Ru.
  7292 | D:5      | Found a blossoming altar of Fedhas.
  7324 | D:5      | Found a radiant altar of Vehumet.
  7739 | D:6      | Found a hide-covered altar of Uskayaw.
  8868 | D:7      | Found a staircase to the Ecumenical Temple.
  8881 | Temple   | Entered the Ecumenical Temple
  9183 | D:7      | Reached XP level 9. HP: 51/82 MP: 10/10
 10710 | D:7      | Found a broken altar of Ashenzari.
 10711 | D:7      | Noticed Maggie
 10716 | D:7      | Found a glowing silver altar of Zin.
 10873 | D:7      | Became a worshipper of Ashenzari the Shackled
 10899 | D:7      | Killed Maggie
 11825 | D:8      | Identified the Handbook of Contamination
 11864 | D:8      | Identified the cursed +0 robe of Macibiwi {rCorr Str+4
                  | Int-4}
 11878 | D:8      | Noticed a two-headed ogre
 11885 | D:8      | Killed a two-headed ogre
 11886 | D:8      | Reached skill level 10 in Stealth
 11886 | D:8      | Reached XP level 10. HP: 71/94 MP: 11/11
 12925 | D:8      | Found a snail-covered altar of Cheibriados.
 12937 | D:8      | Found a broken altar of Ashenzari.
 12937 | D:8      | Found a hide-covered altar of Uskayaw.
 13003 | D:8      | Reached skill level 10 in Axes
 14878 | D:9      | Found Hoeqor's Book Shoppe.
 14888 | D:9      | Bought a book of Misfortune for 280 gold pieces
 14892 | D:9      | Learned a level 3 spell: Confusing Touch
 15990 | D:9      | Reached skill level 1 in Hexes
 16355 | D:10     | Entered Level 10 of the Dungeon
 16355 | D:10     | Noticed a two-headed ogre
 16360 | D:10     | Killed a two-headed ogre
 16415 | D:10     | Noticed Nergalle
 16422 | D:10     | Killed Nergalle
 16423 | D:10     | Reached XP level 11. HP: 66/102 MP: 13/15
 17715 | D:10     | Found Cuvu's Jewellery Emporium.
 18052 | D:10     | Learned a level 2 spell: Poisonous Vapours
 18212 | D:11     | Noticed a two-headed ogre
 18223 | D:11     | Killed a two-headed ogre
 18224 | D:11     | Reached skill level 5 in Hexes
 18224 | D:11     | Reached skill level 1 in Poison Magic
 18415 | D:11     | Reached skill level 1 in Air Magic
 18801 | D:11     | Found a staircase to the Lair.
 19406 | D:12     | Reached * piety under Ashenzari
 19416 | D:12     | Noticed a seven-headed hydra
 19438 | Lair:1   | Entered Level 1 of the Lair of Beasts
 20494 | Lair:2   | Found a runed translucent gate.
 20620 | Lair:2   | Slain by a swamp worm

Illustrated notes

Levels and vault maps discovered:
D:1:      dpeg_arrival_round_c, layout_basic
D:2:      minmay_chambers_of_twos, layout_rooms, kiku_gazebo_pond_becter,
          trog_three_pillars_becter
D:3:      kennysheep_slugbush, layout_loops_corners
D:4:      corexii_shack_village, layout_basic,
          nemelex_xobeh_ov_fountains_minmay, serial_shops, shop,
          minmay_misc_feat_four_crosses
D:5:      layout_basic, lemuel_crystal_altar, fiery_altar_vehumet, basic_altar,
          st_stairs_13, kennysheep_boxes
D:6:      layout_loops_ring, basic_altar, hangedman_decor_opposing
D:7:      layout_loops_corners, lemuel_coloured_pillars_altar,
          minmay_temple_entry_slanted, cheibrodos_ashenzari_chains, uniq_maggie
D:8:      layout_loops_cross, grunt_temple_overflow_open
D:9:      layout_roguey, kennysheep_little_box, serial_shops, shop,
          bh_walls_and_bars, uniq_maurice
D:10:     layout_cave_pools, serial_shops, kennysheep_mini, serial_bayou_lake_a,
          uniq_nergalle
D:11:     layout_gridville, erik_lair_island
D:12:     layout_cave_pools, david_orc_1_choice, gammafunk_ghost_icy,
          nooodl_orcs_dogs
Temple:   nicolae_temple_god_jail
Lair:1:   layout_cave_shapes
Lair:2:   layout_loops_ring, gammafunk_ghost_ooze, worms_lemuel

Skill      XL: |  1  2  3  4  5  6  7  8  9 10 11 |
---------------+----------------------------------+-----
Fighting       | 2 3 4 5 7 |  7.7
Stealth        | 2 3 4 5 6 8 10 11 | 11.3
Axes           | 1 2 3 4 5 7 9 11 | 11.9
Hexes          | 3 6 |  6.1
Spellcasting   | 2 4 |  4.1
Poison Magic   | 3 |  3.2
Air Magic      | 2 |  2.3
Long Blades    | |  1.0
Dodging        | |  1.0
Shields        | |  1.0
Translocations | |  2.0
Transmutations | |  2.0

Action                   |  1- 3 |  4- 6 |  7- 9 | 10-12 || total
-------------------------+-------+-------+-------+-------++-------
Melee: Club              |    23 |       |       |       ||    23
       Hand axe          |    69 |     2 |   262 |   414 ||   747
       Mace              |       |    78 |    56 |       ||   134
 Cast: Sandblast         |       |     1 |       |       ||     1
       Poisonous Vapours |       |       |       |    70 ||    70
       Confusing Touch   |       |       |       |     6 ||     6
 Abil: Spit Poison       |    14 |    18 |    15 |    35 ||    82
Evoke: Wand              |       |       |     9 |     9 ||    18
       Lightning rod     |       |       |       |     4 ||     4
  Use: Potion            |       |       |     3 |     5 ||     8
       Scroll            |       |       |    10 |     4 ||    14
 Stab: Sleeping          |     2 |     3 |    10 |     5 ||    20
       Distracted        |       |       |     2 |       ||     2
       Confused          |       |       |       |    12 ||    12
Armor: Robe              |    25 |    30 |    27 |       ||    82
       Skin              |       |       |     1 |     8 ||     9
       Scale mail        |       |       |   100 |       ||   100
       Steam dragon scal |       |       |    20 |   153 ||   173
Dodge: Dodged            |    45 |    52 |   151 |   195 ||   443
